 Dungeon Crawl Stone Soup version 0.31.0-11-ge490571c62 (webtiles) character file.

Game seed: 14276755077149268194

221 Gadfly the Insei (level 5, -6/41 HPs)
             Began as a Demonspawn Monk on Jan 28, 2024.
             Mangled by a gnoll
             ... wielding a +5 halberd
              (17 damage)
             ... on level 4 of the Dungeon.
             The game lasted 00:04:09 (2527 turns).

Gadfly the Insei (Demonspawn Monk)                  Turns: 2527, Time: 00:04:10

Health: -6/41      AC:  2    Str: 14    XL:     5   Next: 65%
Magic:  5/5        EV: 15    Int: 10    God:
Gold:   132        SH:  0    Dex: 15    Spells: 4/4 levels left

rFire   . . .        b - +2 dagger (freeze)
rCold   . . .        c - orb {light}
rNeg    . . .        k - +0 animal skin
rPois   .            (helmet restricted)
rElec   .            (no cloak)
rCorr   .            (no gloves)
SInv    .            (no boots)
Will    .....        (no amulet)
Stlth   +            h - ring of flight
HPRegen 0.26/turn    (no ring)
MPRegen 0.09/turn

%: no passive effects
@: flying, glowing
A: horns 1, repulsion field 1, powered by death 1
a: no special abilities


You were on level 4 of the Dungeon.
You visited 1 branch of the dungeon, and saw 4 of its levels.

You collected 132 gold pieces.

Inventory:

Hand Weapons
 b - a +2 dagger of freezing (weapon)
Armour
 c - an orb of light (worn)
 k - a +0 animal skin (worn)
Jewellery
 h - a ring of flight (left hand)
Talismans
 e - a talisman of death
Wands
 d - a wand of flame (10) (quivered)
 j - a wand of acid (3)
Scrolls
 f - a scroll of brand weapon
 n - a scroll of fear
Potions
 a - a potion of attraction
 g - a potion of heal wounds
 i - 2 potions of might
 l - a potion of ambrosia
 m - a potion of haste
 o - a potion of curing


   Skills:
 - Level 3.0 Fighting
 + Level 3.3 Dodging
 + Level 3.3 Unarmed Combat
 * Level 3.0 Evocations
 * Level 2.5 Shapeshifting


You had 4 spell levels left.
You didn't know any spells.
Your spell library contained the following spells:

 Spells                   Type           Power      Damage    Failure   Level
 Slow                     Hex            0%         N/A       36%         1
 Scorch                   Fire           0%         2d5       50%         2
 Confusing Touch          Hex            0%         N/A       75%         3
 Sigil of Binding         Hex            0%         N/A       75%         3
 Vampiric Draining        Necr           0%         2d6       75%         3
 Flame Wave               Conj/Fire      0%         2d4       98%         4
 Alistair's Intoxication  Alch           0%         N/A       100%        5
 Borgnjor's Vile Clutch   Necr/Erth      0%         N/A       100%        5
 Eringya's Noxious Bog    Alch           0%         4d6       100%        6
 Summon Cactus Giant      Summ           0%         N/A       100%        6


Dungeon Overview and Level Annotations

Branches:
Dungeon (4/15)
 Temple: D:4-7

Altars:


Innate Abilities, Weirdness & Mutations

You have a pair of small horns on your head.
You are surrounded by a mild repulsion field. (EV +2)
You regenerate a little health from kills.


Message History

No target in view!
No target in view!
No target in view!
Things that are here:
a +0 club; a +0 scale mail You start resting.
HP restored.
Things that are here:
a +0 dagger; a kobold corpse Sorry, I don't know how to get there.
Okay, then.
A gnoll comes into view. It is wielding a +0 spear.
The gnoll shouts!
A ball python comes into view.
The ball python moves out of view.
A gnoll comes into view. It is wielding a +0 flail.
The ball python hisses angrily.
The gnoll shouts!
The gnoll hits you with a +0 spear!
You hit the gnoll. You freeze the gnoll. Your headbutt misses the gnoll.
The gnoll is moderately wounded.
The gnoll barely misses you.
A gnoll comes into view. It is wielding a +5 halberd.
The gnoll shouts!
You hit the gnoll but do no damage. You headbutt the gnoll.
The gnoll is heavily wounded.
The gnoll completely misses you.
You hit the gnoll. You freeze the gnoll.
The gnoll is severely wounded.
The ball python barely misses you. x2
You hit the gnoll. You freeze the gnoll.
You kill the gnoll!
The ball python misses you. x2
Your Evocations skill increases to level 3!
You hit the gnoll but do no damage. The ball python completely misses you.
The ball python misses you. The gnoll hits you with a +0 flail!
You barely miss the gnoll. The ball python bites you.
The ball python closely misses you. The gnoll hits you with a +0 flail!
* * * LOW HITPOINT WARNING * * *
The gnoll hits you from afar with a +5 halberd!
You die...

#.?###.# # #.
..# ... .....
... .........
.... .........
#..# #.#......
...# #.#...#.#
#g......#
#.S.....#
#@g.....#
####.......#
###..........#
#.........##.#
#.###.###.##.#
# #.....#.....
#.#.>...#.....
#....)....#.##
#.#...).#.#.#


You could see 2 gnolls and a ball python.

Vanquished Creatures
  A jelly (D:4)
  An orc wizard (D:3)
  Robin (D:2)
  6 adders
  A gnoll (D:4)
  A dart slug (D:1)
  A ribbon worm (D:2)
  4 orcs
  4 endoplasms
  2 giant cockroaches (D:2)
  9 goblins
  13 hobgoblins
  4 jackals (D:2)
  9 kobolds
  6 ball pythons
  7 bats
  4 frilled lizards
  8 rats
82 creatures vanquished.

Notes
Turn   | Place    | Note
-------+----------+-------------------------------------------
     0 | D:1      | Gadfly the Demonspawn Monk began the quest for the Orb.
     0 | D:1      | Reached XP level 1. HP: 18/18 MP: 1/1
    53 | D:1      | Found a faded altar of an unknown god.
   337 | D:1      | Gained mutation: You regenerate a little health from kills.
                  | [demonic ancestry]
   337 | D:1      | Reached XP level 2. HP: 24/24 MP: 2/2
   344 | D:1      | Reached skill level 1 in Evocations
   388 | D:1      | Reached skill level 1 in Shapeshifting
   631 | D:2      | Gained mutation: You have a pair of small horns on your
                  | head. [demonic ancestry]
   631 | D:2      | Reached XP level 3. HP: 29/29 MP: 3/3
  1106 | D:2      | Gained mutation: You are surrounded by a mild repulsion
                  | field. (EV +2) [demonic ancestry]
  1106 | D:2      | Reached XP level 4. HP: 33/35 MP: 4/4
  1320 | D:2      | Noticed Robin
  1353 | D:2      | Killed Robin
  1767 | D:3      | Reached XP level 5. HP: 24/41 MP: 5/5
  2527 | D:4      | Mangled by a gnoll

Illustrated notes

Levels and vault maps discovered:
D:1:      elethiomel_arrival_shortcut, layout_basic,
          dreamdust_ecumenical_altar_angels_and_demons, minmay_surrounded
D:2:      layout_loops_corners, uniq_robin
D:3:      layout_basic, serial_park_tiny_1, amcnicky_mini_rare_corridor_liquid
D:4:      layout_loops_cross, st_stairs_3, kennysheep_dice

Skill      XL: |  1  2  3  4  5 |
---------------+----------------+-----
Evocations     | 1 2 3 |  3.0
Shapeshifting  | 1 2 |  2.5
Unarmed Combat | 3 |  3.3
Dodging        | 3 |  3.3
Fighting       | |  3.0

Action                     |  1- 3 |  4- 6 || total
---------------------------+-------+-------++-------
  Melee: Unarmed           |   120 |    87 ||   207
         Headbutt          |     7 |    24 ||    31
         Dagger            |       |    41 ||    41
    Use: Scroll            |     5 |     5 ||    10
 Armour: Robe              |    43 |    17 ||    60
         Animal skin       |       |    47 ||    47
  Dodge: Dodged            |    66 |    74 ||   140
